PA
ATHLETIC CLUB KC U-21 @ WALLA WALLA WALLEYE
07/25/2023
 
TOP OF THE 1ST
Athletic Club KC U-21 batting - Pitching for Walla Walla Walleye : LHP Octávio Fernández
Pitching: LHP Octávio Fernández
Batting: RHB Alfonso Ciucio 0-0: Ball
1-0: Fly out, F3 (Popup, 9LSF)
Batting: RHB Felipe Pabalate 0-0: Called Strike
0-1: Ball
1-1: Ball
2-1: Swinging Strike
2-2: Foul Ball, location: 2F
2-2: SINGLE (Line Drive, 8RS)
Batting: LHB Tony García 0-0: Foul Ball, location: 2F
0-1: Ball
1-1: Swinging Strike
1-2: Strikes out swinging
Batting: LHB Manuel Domínguez 0-0: Fielders Choice at 2nd, U6 (Groundball, 6M)
Top of the 1st over - 0 run(s), 1 hit(s), 0 error(s), 1 left on base; Athletic Club KC 0 - Walla Walla 0
BOTTOM OF THE 1ST
Walla Walla Walleye batting - Pitching for Athletic Club KC U-21 : LHP Ash Ibarra
Pitching: LHP Ash Ibarra
Batting: RHB Joe Dundee 0-0: Called Strike
0-1: Foul Ball, location: 2F
0-2: Strikes out swinging
Batting: RHB Nathaniel Griffin 0-0: Called Strike
0-1: Ball
1-1: Ball
2-1: Ball
3-1: DOUBLE (Line Drive, 78M)
Batting: RHB Ieyoshi Yamamoto 0-0: Called Strike
0-1: Ball
1-1: Ball
2-1: Ball
3-1: Fly out, F9 (Flyball, 9M)
Batting: LHB José León 0-0: Swinging Strike
0-1: Foul Ball, location: 2F
0-2: Foul Ball, location: 2F
0-2: Strikes out swinging
Bottom of the 1st over - 0 run(s), 1 hit(s), 0 error(s), 1 left on base; Athletic Club KC 0 - Walla Walla 0
TOP OF THE 2ND
Athletic Club KC U-21 batting - Pitching for Walla Walla Walleye : LHP Octávio Fernández
Batting: RHB Diego Bonilla 0-0: Swinging Strike
0-1: Called Strike
0-2: Ball
1-2: Foul Ball, location: 2F
1-2: Strikes out swinging
Batting: LHB Naohiro Sakai 0-0: Called Strike
0-1: Ball
1-1: Foul Ball, location: 2F
1-2: Ball
2-2: Ball
3-2: Base on Balls
Batting: RHB Iván Chacón 0-0: Foul Ball, location: 2F
0-1: Called Strike
0-2: Ball
1-2: Fly out, F7 (Flyball, 78M)
1-2: Lined into DP, 7-3 (Flyball, 78M)
Top of the 2nd over - 0 run(s), 0 hit(s), 0 error(s), 0 left on base; Athletic Club KC 0 - Walla Walla 0
BOTTOM OF THE 2ND
Walla Walla Walleye batting - Pitching for Athletic Club KC U-21 : LHP Ash Ibarra
Batting: RHB Warren Willis 0-0: Called Strike
0-1: Called Strike
0-2: Ball
1-2: Foul Ball, location: 2F
1-2: Ball
2-2: Foul Ball, location: 2F
2-2: SINGLE (Groundball, 56D)
Batting: LHB José Pacheco 0-0: Ball
1-0: Ball
2-0: Foul Ball, location: 2F
2-1: Ball
3-1: Called Strike
3-2: Base on Balls
Warren Willis to second
Batting: SHB David Martínez 0-0: Fly out, F8 (Flyball, 8LM)
Batting: RHB Joe Gaskins 0-0: Swinging Strike
0-1: Swinging Strike
0-2: Ball
1-2: Ball
2-2: Ball
3-2: Strikes out swinging
Batting: LHB Francisco Santos 0-0: Ball
1-0: Ball
2-0: Called Strike
2-1: Foul Ball, location: 2F
2-2: Ground out 4-3 (Groundball, 34)
Bottom of the 2nd over - 0 run(s), 1 hit(s), 0 error(s), 2 left on base; Athletic Club KC 0 - Walla Walla 0
TOP OF THE 3RD
Athletic Club KC U-21 batting - Pitching for Walla Walla Walleye : LHP Octávio Fernández
Batting: RHB Pedro Silva 0-0: Ball
1-0: Ball
2-0: Ball
3-0: Called Strike
3-1: Ground out 5-3 (Groundball, 5S)
Batting: RHB Altifício Azor 0-0: Foul Ball, location: 2F
0-1: Ground out U3 (Groundball, 3S)
Batting: RHB Alfonso Ciucio 0-0: Ball
1-0: Ball
2-0: Swinging Strike
2-1: Foul Ball, location: 2F
2-2: Foul Ball, location: 2F
2-2: Strikes out swinging
Top of the 3rd over - 0 run(s), 0 hit(s), 0 error(s), 0 left on base; Athletic Club KC 0 - Walla Walla 0
BOTTOM OF THE 3RD
Walla Walla Walleye batting - Pitching for Athletic Club KC U-21 : LHP Ash Ibarra
Batting: RHB Joe Dundee 0-0: Ball
1-0: Swinging Strike
1-1: Swinging Strike
1-2: Strikes out swinging
Batting: RHB Nathaniel Griffin 0-0: Ball
1-0: Foul Ball, location: 2F
1-1: Called Strike
1-2: Foul Ball, location: 2F
1-2: SINGLE (Groundball, 6MD)
Batting: RHB Ieyoshi Yamamoto 0-0: Ball
1-0: Ball
2-0: Called Strike
2-1: Called Strike
2-2: Ground out 5-3 (Groundball, 5S)
Nathaniel Griffin to second
Batting: LHB José León 0-0: SINGLE (Line Drive, 34D)
Nathaniel Griffin to third
Batting: RHB Warren Willis 0-0: Ball
1-0: Ball
2-0: Swinging Strike
2-1: Called Strike
2-2: Strikes out swinging
Bottom of the 3rd over - 0 run(s), 2 hit(s), 0 error(s), 2 left on base; Athletic Club KC 0 - Walla Walla 0
TOP OF THE 4TH
Athletic Club KC U-21 batting - Pitching for Walla Walla Walleye : LHP Octávio Fernández
Batting: RHB Felipe Pabalate 0-0: Fly out, F6 (Line Drive, 6D)
Batting: LHB Tony García 0-0: Ball
1-0: Called Strike
1-1: Fly out, F8 (Flyball, 8RM)
Batting: LHB Manuel Domínguez 0-0: Ground out 4-3 (Groundball, 34)
Top of the 4th over - 0 run(s), 0 hit(s), 0 error(s), 0 left on base; Athletic Club KC 0 - Walla Walla 0
BOTTOM OF THE 4TH
Walla Walla Walleye batting - Pitching for Athletic Club KC U-21 : LHP Ash Ibarra
Batting: LHB José Pacheco 0-0: Ball
1-0: Ball
2-0: Ball
3-0: Called Strike
3-1: Fly out, F6 (Popup, 56)
Batting: SHB David Martínez 0-0: Swinging Strike
0-1: Foul Ball, location: 2F
0-2: Strikes out looking
Batting: RHB Joe Gaskins 0-0: Foul Ball, location: 2F
0-1: Swinging Strike
0-2: Ball
1-2: Foul Ball, location: 2F
1-2: Ball
2-2: Strikes out swinging
Bottom of the 4th over - 0 run(s), 0 hit(s), 0 error(s), 0 left on base; Athletic Club KC 0 - Walla Walla 0
TOP OF THE 5TH
Athletic Club KC U-21 batting - Pitching for Walla Walla Walleye : LHP Octávio Fernández
Batting: RHB Diego Bonilla 0-0: Foul Ball, location: 2F
0-1: Swinging Strike
0-2: Ball
1-2: Strikes out swinging, 2-3 out at first.
Batting: LHB Naohiro Sakai 0-0: Called Strike
0-1: Foul Ball, location: 2F
0-2: Strikes out swinging wild pitch, reaches first!
Batting: RHB Iván Chacón 0-0: Called Strike
0-1: Ball
1-1: Called Strike
1-2: Fly out, F3 (Popup, 3F)
Batting: RHB Pedro Silva 0-0: Ball
Naohiro Sakai steals 2nd base
1-0: Called Strike
1-1: Ball
2-1: SINGLE (Groundball, 56D) - runner OUT being hit by batted ball.
Top of the 5th over - 0 run(s), 1 hit(s), 0 error(s), 1 left on base; Athletic Club KC 0 - Walla Walla 0
BOTTOM OF THE 5TH
Walla Walla Walleye batting - Pitching for Athletic Club KC U-21 : LHP Ash Ibarra
Batting: LHB Francisco Santos 0-0: Called Strike
0-1: Foul Ball, location: 2F
0-2: Ball
1-2: Strikes out looking
Batting: RHB Joe Dundee 0-0: Called Strike
0-1: Ball
1-1: Foul Ball, location: 2F
1-2: Ball
2-2: Ball
3-2: Fly out, F6 (Popup, 56D)
Batting: RHB Nathaniel Griffin 0-0: Ground out 6-3 (Groundball, 56)
Bottom of the 5th over - 0 run(s), 0 hit(s), 0 error(s), 0 left on base; Athletic Club KC 0 - Walla Walla 0
TOP OF THE 6TH
Athletic Club KC U-21 batting - Pitching for Walla Walla Walleye : LHP Octávio Fernández
Batting: RHB Altifício Azor 0-0: Ball
1-0: Foul Ball, location: 2F
1-1: SINGLE (Line Drive, 7LM)
Batting: RHB Alfonso Ciucio 0-0: Sac Bunt - play at first, batter OUT! 1-4
Altifício Azor to second
Batting: RHB Felipe Pabalate 0-0: Intentional Walk
Batting: LHB Tony García 0-0: Called Strike
0-1: Foul Ball, location: 2F
0-2: Foul Ball, location: 2F
0-2: Ground out 3-1 (Groundball, 34S)
Altifício Azor to third
Felipe Pabalate to second
Batting: LHB Manuel Domínguez 0-0: Called Strike
0-1: Ball
1-1: Foul Ball, location: 2F
1-2: Strikes out swinging
Top of the 6th over - 0 run(s), 1 hit(s), 0 error(s), 2 left on base; Athletic Club KC 0 - Walla Walla 0
BOTTOM OF THE 6TH
Walla Walla Walleye batting - Pitching for Athletic Club KC U-21 : LHP Ash Ibarra
Batting: RHB Ieyoshi Yamamoto 0-0: Called Strike
0-1: Ground out 6-3 (Groundball, 6)
Batting: LHB José León 0-0: Ground out 4-3 (Groundball, 4)
Batting: RHB Warren Willis 0-0: Ball
1-0: Swinging Strike
1-1: Foul Ball, location: 2F
1-2: Strikes out swinging
Bottom of the 6th over - 0 run(s), 0 hit(s), 0 error(s), 0 left on base; Athletic Club KC 0 - Walla Walla 0
TOP OF THE 7TH
Athletic Club KC U-21 batting - Pitching for Walla Walla Walleye : LHP Octávio Fernández
Batting: RHB Diego Bonilla 0-0: Fly out, F8 (Flyball, 8LM)
Batting: LHB Naohiro Sakai 0-0: Called Strike
0-1: Called Strike
0-2: Strikes out swinging
Batting: RHB Iván Chacón 0-0: Ball
1-0: Swinging Strike
1-1: Ball
2-1: Ball
3-1: Base on Balls
Batting: RHB Pedro Silva 0-0: Called Strike
Throwing error on steal attempt, E2
Iván Chacón to third
0-1: Fly out, F8 (Flyball, 8LM)
Top of the 7th over - 0 run(s), 0 hit(s), 1 error(s), 1 left on base; Athletic Club KC 0 - Walla Walla 0
BOTTOM OF THE 7TH
Walla Walla Walleye batting - Pitching for Athletic Club KC U-21 : LHP Ash Ibarra
Pinch Hitting: RHB Miguel Rosales 0-0: Foul Ball, location: 2F
0-1: Ground out 6-3 (Groundball, 6)
Pinch Hitting: RHB D.C. Aiken 0-0: Fly out, F8 (Flyball, 8RM)
Pinch Hitting: RHB Tomás Morán 0-0: Ball
1-0: Ball
2-0: Foul Ball, location: 2F
2-1: Ball
3-1: Base on Balls
Pinch Hitting: RHB Hieu De 0-0: Called Strike
Tomás Morán is caught stealing 2nd base
Bottom of the 7th over - 0 run(s), 0 hit(s), 0 error(s), 0 left on base; Athletic Club KC 0 - Walla Walla 0
TOP OF THE 8TH
Athletic Club KC U-21 batting - Pitching for Walla Walla Walleye : LHP Octávio Fernández
Now at 2B: Miguel Rosales
Now at 3B: D.C. Aiken
Now at SS: Hieu De
Now in CF: Tomás Morán
Batting: RHB Altifício Azor 0-0: Ball
1-0: Called Strike
1-1: Called Strike
1-2: Ball
2-2: Fly out, F7 (Flyball, 78D)
Pinch Hitting: RHB Nathaniel Gault 0-0: Hit by Pitch
Batting: RHB Felipe Pabalate 0-0: Ball
1-0: Ball
2-0: Fly out, F6 (Popup, 56D)
Batting: LHB Tony García 0-0: SINGLE (Line Drive, 8LS)
Nathaniel Gault to second
Pinch Runner at 2nd Enrique Miranda:
Batting: LHB Manuel Domínguez 0-0: Swinging Strike
0-1: Swinging Strike
0-2: Strikes out swinging
Top of the 8th over - 0 run(s), 1 hit(s), 0 error(s), 2 left on base; Athletic Club KC 0 - Walla Walla 0
BOTTOM OF THE 8TH
Walla Walla Walleye batting - Pitching for Athletic Club KC U-21 : LHP Ash Ibarra
Now in RF: Enrique Miranda
Batting: RHB Hieu De 0-0: Foul Ball, location: 2F
0-1: Foul Ball, location: 2F
0-2: Ground out 5-3 (Groundball, 56S)
Pitching: RHP Rich Gibbs
Pinch Hitting: LHB Ángel López 0-0: Called Strike
0-1: Swinging Strike
0-2: Ball
1-2: Ball
2-2: Foul Ball, location: 2F
2-2: Strikes out swinging
Pinch Hitting: LHB Aloísio Marreiros 0-0: Fly out, F8 (Flyball, 8RM)
Bottom of the 8th over - 0 run(s), 0 hit(s), 0 error(s), 0 left on base; Athletic Club KC 0 - Walla Walla 0
TOP OF THE 9TH
Athletic Club KC U-21 batting - Pitching for Walla Walla Walleye : LHP Octávio Fernández
Pitching: LHP Jim Unknown
Now at 1B: Aloísio Marreiros
Now in RF: Ángel López
Batting: RHB Diego Bonilla 0-0: Called Strike
0-1: Foul Ball, location: 2F
0-2: Strikes out swinging
Batting: LHB Naohiro Sakai 0-0: Ball
1-0: Ball
2-0: Ball
3-0: Called Strike
3-1: Fly out, F6 (Popup, 6M)
Batting: RHB Iván Chacón 0-0: Swinging Strike
0-1: Ball
1-1: Swinging Strike
1-2: Fly out, F9 (Flyball, 89S)
Top of the 9th over - 0 run(s), 0 hit(s), 0 error(s), 0 left on base; Athletic Club KC 0 - Walla Walla 0
BOTTOM OF THE 9TH
Walla Walla Walleye batting - Pitching for Athletic Club KC U-21 : RHP Rich Gibbs
Batting: RHB Ieyoshi Yamamoto 0-0: Called Strike
0-1: Called Strike
0-2: Foul Ball, location: 2F
0-2: Ball
1-2: Ball
2-2: Ball
3-2: SINGLE (Line Drive, 6D)
Pinch Runner at 1st Henry van Amersfoort:
Batting: LHB José León 0-0: Called Strike
0-1: Foul Ball, location: 2F
0-2: Ball
1-2: Foul Ball, location: 2F
1-2: Strikes out looking
Batting: RHB Warren Willis 0-0: Ball
1-0: Ball
2-0: Called Strike
2-1: Foul Ball, location: 2F
2-2: Ball
Pickoff Throw to First - Error! E1
Henry van Amersfoort to second
3-2: Ground out 6-3 (Groundball, 6)
Batting: RHB Miguel Rosales 0-0: Ball
1-0: Ball
2-0: Foul Ball, location: 2F
2-1: Ground out 6-3 (Groundball, 6)
Bottom of the 9th over - 0 run(s), 1 hit(s), 1 error(s), 1 left on base; Athletic Club KC 0 - Walla Walla 0
TOP OF THE 10TH
Athletic Club KC U-21 batting - Pitching for Walla Walla Walleye : LHP Jim Unknown
Now at C: Esteban Alvarado
Batting: RHB Pedro Silva 0-0: Foul Ball, location: 2F
0-1: Foul Ball, location: 2F
0-2: Ball
1-2: Strikes out swinging
Batting: RHB Altifício Azor 0-0: Ball
1-0: Called Strike
1-1: Swinging Strike
1-2: Strikes out swinging
Pinch Hitting: SHB Sang-your Yu 0-0: Ball
1-0: Fly out, F8 (Flyball, 8LXD)
Top of the 10th over - 0 run(s), 0 hit(s), 0 error(s), 0 left on base; Athletic Club KC 0 - Walla Walla 0
BOTTOM OF THE 10TH
Walla Walla Walleye batting - Pitching for Athletic Club KC U-21 : RHP Rich Gibbs
Now in RF: Jim Unknown
Batting: RHB D.C. Aiken 0-0: Called Strike
0-1: Ball
1-1: Foul Ball, location: 2F
1-2: Foul Ball, location: 2F
1-2: Ball
2-2: Foul Ball, location: 2F
2-2: Ball
3-2: SINGLE (Groundball, 56D)
Batting: RHB Tomás Morán 0-0: Sac Bunt - play at first, batter OUT! 1-4
D.C. Aiken to second
Batting: RHB Hieu De 0-0: Intentional Walk
Batting: LHB Ángel López 0-0: Foul Ball, location: 2F
0-1: Ball
1-1: Ball
2-1: Called Strike
2-2: Ball
3-2: Base on Balls
D.C. Aiken to third
Hieu De to second
Batting: LHB Aloísio Marreiros 0-0: Called Strike
0-1: Foul Ball, location: 2F
0-2: SINGLE (Groundball, 34)
D.C. Aiken scores
This league is powered by Out of the Park Baseball, the baseball management simulation game for PC, Mac and Linux
Friday, July 8th, 2016 - OOTP Baseball 16.9 Build 39